 Dungeon Crawl Stone Soup version 0.16-a0-3946-g4f19e5c (webtiles) character file.

86 abixa the Chopper (level 4, 0/58 HPs)
             Began as a Hill Orc Fighter on Feb 9, 2015.
             Succumbed to a worker ant's poison
             ... on level 3 of the Dungeon.
             The game lasted 00:03:33 (1680 turns).

abixa the Chopper (Hill Orc Fighter)                Turns: 1680, Time: 00:03:34

Health: 0/58       AC: 22    Str: 18    XL:     4   Next: 49%
Magic:  4/4        EV:  2    Int:  8    God:
Gold:   160        SH:  0    Dex: 11    Spells: 0 memorised, 3 levels left

rFire  . . .     SeeInvis .     a - +0 war axe
rCold  . . .     Clarity  .     t - melded +0 scale mail
rNeg   + + +     SustAb   .     (no shield)
rPois  +         Gourm    .     (helmet currently unavailable)
rElec  .         Spirit   .     q - melded +0 cloak
rCorr  .         Warding  .     l - melded +0 pair of gloves
rMut   .         NoTele   +     (boots currently unavailable)
MR     .....                    (no amulet)
Stlth  +.........               (no ring)
                                (no ring)

@: lethally poisoned (0 -> -10), tree-form, not resistant to hostile
enchantments, very unstealthy
A: no striking features
a: no special abilities


You were on level 3 of the Dungeon.
You were hungry.
You were a tree.
You visited 1 branch of the dungeon, and saw 3 of its levels.

You collected 160 gold pieces.

Inventory:

Hand weapons
 a - a +0 war axe (weapon)
 b - a +0 hunting sling
 p - a +0 spear
Missiles
 i - 46 arrows
 j - 136 stones (quivered)
 r - 8 sling bullets
Armour
 c - a +0 shield
 l - a +0 pair of gloves (melded)
 q - a +0 cloak (melded)
 t - a +0 scale mail (melded)
Jewellery
 n - an uncursed ring of sustain abilities {unknown}
Magical devices
 D - a wand of digging (19)
Scrolls
 f - a scroll of fog {unknown}
 g - 5 scrolls of identify {unknown}
 h - a scroll of immolation {unknown}
 m - a scroll of random uselessness {unknown}
 u - a scroll of teleportation {unknown}
 x - a scroll of remove curse {unknown}
 y - a scroll of noise {unknown}
 A - 2 scrolls of magic mapping {unknown}
 E - 3 scrolls of enchant weapon {unknown}
Potions
 e - a potion of might
 k - a potion of resistance {unknown}
 w - a potion of curing {unknown}
 z - a potion of cancellation {unknown}
 C - a potion of lignification
Books
 B - a book of Fire

   Spells                             Type                      Level
   a - Ignite Poison                  Fire/Transmutation           5
   b - Fireball                       Conjuration/Fire             5
   c - Bolt of Fire                   Conjuration/Fire             6
   d - Delayed Fireball               Conjuration/Fire             7
   e - Ring of Flames                 Charms/Fire                  7
Comestibles
 d - 2 meat rations
 o - 4 bread rations
 s - a royal jelly
 v - 2 slices of pizza


   Skills:
 - Level 3.6 Fighting
 + Level 6.1 Axes
 - Level 3.2 Armour
 - Level 3.2 Shields


You had 3 spell levels left.
You didn't know any spells.

Dungeon Overview and Level Annotations

Branches:
Dungeon (3/15)

Altars:
Okawaru


Message History

You closely miss the worker ant.
The worker ant is almost dead.
You feel sick. The worker ant bites you.
* * * LOW HITPOINT WARNING * * *
You hit the worker ant but do no damage.
The worker ant is almost dead.
* * * LOW HITPOINT WARNING * * *
You feel sick.
The worker ant bites you but does no damage.
The worker ant bites you.
* * * LOW HITPOINT WARNING * * *
You hit the worker ant.
You kill the worker ant!
Your Axes skill increases to level 6!
* * * LOW HITPOINT WARNING * * *
You feel sick.
Drink which item? (? for menu, Esc to quit)
It was a potion of lignification.
You turn into a tree.
Your roots penetrate the ground.
You die...

.#.#.≈###
#.#.# #.# #
..⌠..≈# #.. .
#. # ≈≈≈≈≈≈#
..... # .
####### .##.#
# .# .## ## .#
...# #.# ##
#.## #.. #
#.######.###.#
#
#....†♣...#..#
#
##########..#
# ##.# # #.# #
#.# # #.# #
### ####.###
..# #####
###......##
#.# #...#
#.........#


There were no monsters in sight!

Vanquished Creatures
  A worker ant (D:3)
  2 worms (D:3)
  4 giant geckos
  7 bats
  7 hobgoblins
  2 jackals (D:1)
  2 giant cockroaches (D:3)
  3 giant newts
  5 goblins
  3 kobolds
  A quokka (D:2)
  8 rats
45 creatures vanquished.

Notes
Turn   | Place    | Note
--------------------------------------------------------------
     0 | D:1      | abixa, the Hill Orc Fighter, began the quest for the Orb.
     0 | D:1      | Reached XP level 1. HP: 19/19 MP: 1/1
   158 | D:1      | Reached XP level 2. HP: 26/26 MP: 2/2
   352 | D:1      | Reached skill level 4 in Axes
   630 | D:2      | Found an iron altar of Okawaru.
   721 | D:2      | Reached XP level 3. HP: 29/31 MP: 3/3
  1272 | D:3      | Reached skill level 5 in Axes
  1551 | D:3      | Reached XP level 4. HP: 39/39 MP: 4/4
  1679 | D:3      | Reached skill level 6 in Axes
  1679 | D:3      | HP: 1/39 [poisoned by a worker ant]
  1680 | D:3      | Succumbed to a worker ant's poison

Action                   |  1- 3 |  4- 6 || total
-------------------------+-------+-------++-------
Melee: War axe           |   107 |    25 ||   132
 Fire: Hunting sling     |    22 |       ||    22
  Use: Potion            |       |     1 ||     1
  Eat: Chunk             |     2 |       ||     2
